 Dungeon Crawl Stone Soup version 0.29.1-2-gbd0b4ee654 (webtiles) character file.

Game seed: 13535888505171320051

15 raph the Slasher (level 2, 0/26 HPs)
             Began as a Minotaur Berserker on Nov 27, 2022.
             Was a Follower of Trog.
             Slain by an endoplasm (1 damage)
             ... on level 1 of the Dungeon.
             The game lasted 00:00:30 (586 turns).

raph the Slasher (Minotaur Berserker)                Turns: 586, Time: 00:00:31

Health: 0/26       AC:  2    Str: 21    XL:     2   Next: 34%
Magic:  1/1        EV:  9    Int:  4    God:    Trog [*.....]
Gold:   13         SH:  0    Dex:  9    Spells: 1/1 levels left

rFire   . . .      SeeInvis .   a - +0 falchion
rCold   . . .      Faith    .   (no shield)
rNeg    . . .      Spirit   .   b - +0 animal skin
rPois   .          Reflect  .   (helmet restricted)
rElec   .          Harm     .   (no cloak)
rCorr   .          Rampage  .   (no gloves)
Will    .....                   (no boots)
Stlth   +.........              (no amulet)
HPRegen 0.08/turn               (no ring)
MPRegen 0.07/turn               (no ring)

@: on berserk cooldown, slowed, constricted, very slow
A: horns 2, retaliatory headbutt
a: Renounce Religion, Berserk


You were on level 1 of the Dungeon.
You worshipped Trog.
Trog was aware of your devotion.
You visited 1 branch of the dungeon, and saw 2 of its levels.

You collected 13 gold pieces.

Inventory:

Hand Weapons
 a - a +0 falchion (weapon)
Armour
 b - a +0 animal skin (worn)


   Skills:
 - Level 3.6 Fighting
 + Level 4.6 Long Blades
 - Level 2.4 Armour
 - Level 2.1 Dodging


You had one spell level left.
You didn't know any spells.
Your spell library was empty.

Dungeon Overview and Level Annotations

Branches:
Dungeon (2/15)

Altars:


Innate Abilities, Weirdness & Mutations

You have a pair of horns on your head.
You reflexively headbutt those who attack you in melee.


Message History

You hit the giant cockroach but do no damage.
The giant cockroach barely misses you. x2
You hit the endoplasm but do no damage. The endoplasm hits you.
The giant cockroach bites you but does no damage.
The endoplasm freezes you.
You are frozen.
The giant cockroach misses you. You furiously retaliate!
You headbutt the giant cockroach!
You kill the giant cockroach!
Trog accepts your kill.
You barely miss the endoplasm. The endoplasm freezes you.
You are frozen.
The ball python bites you. The ball python barely misses you.
The endoplasm barely misses you.
You hit the endoplasm but do no damage. The ball python bites you.
The ball python misses you. The endoplasm freezes you.
You are frozen.
The ball python misses you. The ball python completely misses you.
You hit the endoplasm but do no damage. You headbutt the endoplasm.
The endoplasm is lightly wounded.
The endoplasm freezes you.
You are frozen.
The ball python bites you. The ball python misses you. The endoplasm hits you.
The ball python bites you. The ball python barely misses you.
You are too injured to fight recklessly!
You are too injured to fight recklessly!
You are too injured to fight recklessly!
You are too injured to fight recklessly!
You are too injured to fight recklessly!
You closely miss the ball python. The ball python bites you.
* * * LOW HITPOINT WARNING * * *
The ball python grabs you. The ball python constricts you.
* * * LOW HITPOINT WARNING * * *
The endoplasm freezes you.
You are frozen.
* * * LOW HITPOINT WARNING * * *
The ball python barely misses you. You furiously retaliate!
You headbutt the ball python. The ball python constricts you.
The endoplasm hits you.
You die...

#.....# #.....#
#.)...# #....:##
#......#
#......#######
#.####.)..)..###
#.######...$.....
#......?@S....(#.
..[....J....##...
.#........?.# ##
#.#............
#..........#.#
#..........#.#
#........... .
#...........#


You could see an endoplasm and a ball python.

Vanquished Creatures
  2 ball pythons (D:1)
  2 endoplasms (D:1)
  A giant cockroach (D:1)
  A goblin (D:1)
  2 hobgoblins (D:2)
  4 kobolds (D:1)
  2 frilled lizards (D:2)
14 creatures vanquished.

Notes
Turn   | Place    | Note
-------+----------+-------------------------------------------
     0 | D:1      | raph the Minotaur Berserker began the quest for the Orb.
     0 | D:1      | Reached XP level 1. HP: 19/19 MP: 0/0
   140 | D:1      | Reached skill level 4 in Long Blades
   297 | D:1      | You fall into a shaft and drop 1 floor!
   322 | D:2      | Reached XP level 2. HP: 26/26 MP: 1/1
   586 | D:1      | HP: 1/26 [frozen (5)]
   586 | D:1      | Slain by an endoplasm

Illustrated notes

Levels and vault maps discovered:
D:1:      amcnicky_arrival_underground_garden, layout_rooms,
          hellmonk_ecumenical_altar_inner_sanctum
D:2:      layout_basic

Skill      XL: |  1 |
---------------+----+-----
Long Blades    | 4 |  4.6
Fighting       | |  3.6
Armour         | |  2.4
Dodging        | |  2.1

Action                   || total
-------------------------++-------
Melee: Falchion          ||    25
       Headbutt          ||     7
Invok: Berserk           ||     2
Armor: Animal skin       ||     4
Dodge: Dodged            ||    17
